 Dungeon Crawl Stone Soup version 0.24-a0-443-g80245de385 (console) character file.

Game seed: 16186221248161807331

1459 Lexodia the Insei (level 8, -5/61 HPs)
             Began as a Gnoll Transmuter on June 21, 2019.
             Was an Initiate of Kikubaaqudgha.
             Slain by an unseen horror (12 damage)
             ... on level 7 of the Dungeon.
             The game lasted 00:15:39 (5916 turns).

Lexodia the Insei (Gnoll Transmuter)                Turns: 5916, Time: 00:15:39

Health: -5/61      AC:  2    Str: 11    XL:     8   Next: 76%
Magic:  17/17      EV: 32    Int: 17    God:    Kikubaaqudgha [......]
Gold:   212        SH:  0    Dex: 26    Spells: 4/19 levels left

rFire    . . .     SeeInvis .     - Unarmed
rCold    . . .     Gourm    .   (shield currently unavailable)
rNeg     . . .     Faith    .   (armour currently unavailable)
rPois    x         Spirit   .   (helmet currently unavailable)
rElec    .         Reflect  .   (cloak currently unavailable)
rCorr    +         Harm     .   (gloves currently unavailable)
MR       .....                  (boots currently unavailable)
Stlth    +++++.....             (no amulet)
HPRegen  0.20/turn              g - ring of resist corrosion
MPRegen  0.15/turn              v - ring of stealth

@: agile, spider-form (expiring)
A: tiny, distributed training, sense surroundings 1, weak 1, strong nose
a: End Transformation, Renounce Religion


You were on level 7 of the Dungeon.
You worshipped Kikubaaqudgha.
Kikubaaqudgha was noncommittal.
You were not hungry.
You were a venomous arachnid creature.
You visited 2 branches of the dungeon, and saw 8 of its levels.

You collected 425 gold pieces.
You spent 213 gold pieces at shops.

Inventory:

Hand Weapons
 p - a +3 short sword of venom
 x - the +7 hunting sling of Lies (melded) {freeze, rN++}
   (You found it on level 5 of the Dungeon)

   It causes projectiles fired from it to freeze those they strike, causing
   extra injury to most foes and up to half again as much damage against
   particularly susceptible opponents.
   They can also slow down cold-blooded creatures.
   It greatly protects you from negative energy.
Missiles
 a - 65 arrows
 c - 184 stones (quivered)
 k - 12 poisoned darts
Armour
 b - a +0 robe (melded)
 f - a +1 pair of gloves (melded)
Jewellery
 g - a ring of resist corrosion (left front leg)
 v - a ring of stealth (right front leg)
Wands
 i - a wand of random effects (20)
 n - a wand of flame (22)
Scrolls
 e - 2 scrolls of teleportation
 h - 2 scrolls of amnesia
 j - a scroll of blinking
 l - 2 scrolls of fear
 m - a scroll of fog
 q - a scroll of remove curse
Potions
 o - 3 potions of curing
 r - 2 potions of haste
 s - 2 potions of lignification
 t - 2 potions of berserk rage
 z - a potion of cancellation
Comestibles
 d - 10 rations


   Skills:
 + Level 4.4 Fighting
 + Level 3.5 Short Blades
 + Level 3.5 Long Blades
 + Level 3.5 Axes
 + Level 3.5 Maces & Flails
 + Level 3.5 Polearms
 + Level 3.5 Staves
 + Level 3.5 Slings
 + Level 3.5 Bows
 + Level 3.5 Crossbows
 + Level 3.5 Throwing
 + Level 3.5 Armour
 + Level 5.8 Dodging
 + Level 3.5 Stealth
 + Level 3.5 Shields
 + Level 7.5 Unarmed Combat
 + Level 6.1 Spellcasting
 + Level 2.8 Conjurations
 + Level 2.8 Hexes
 + Level 2.8 Charms
 + Level 2.8 Summonings
 + Level 2.8 Necromancy
 + Level 2.8 Translocations
 + Level 4.8 Transmutations
 + Level 2.8 Fire Magic
 + Level 2.8 Ice Magic
 + Level 2.8 Air Magic
 + Level 2.8 Earth Magic
 + Level 2.8 Poison Magic
 + Level 3.8 Invocations
 + Level 3.5 Evocations


You had 4 spell levels left.
You knew the following spells:

 Your Spells              Type           Power        Failure   Level  Hunger
a - Beastly Appendage     Tmut           ###...       8%          1    None
b - Sticks to Snakes      Tmut           ###.....     10%         2    None
c - Spider Form           Tmut/Pois      ###.......   21%         3    ##.....
d - Blade Hands           Tmut           ###.......   65%         5    #####..
e - Petrify               Tmut/Erth      ###.....     47%         4    ####...

Your spell library contained the following spells:

 Spells                   Type           Power        Failure   Level  Hunger
 Animate Skeleton         Necr           N/A          12%         1    None
 Apportation              Tloc           ###...       12%         1    None
 Confusing Touch          Hex            ###...       12%         1    None
 Summon Small Mammal      Summ           ###.         12%         1    None
 Confuse                  Hex            ###.....     28%         3    ##.....
 Gell's Gravitas          Tloc           ###.......   28%         3    ##.....
 Ice Form                 Ice/Tmut       ###.....     47%         4    ####...
 Yara's Violent Unravell  Hex/Tmut       ###.......   78%         5    #####..
 Metabolic Englaciation   Hex/Ice        ###.......   87%         5    #####..


Dungeon Overview and Level Annotations

Branches:
Dungeon (7/15)             Temple (1/1) D:6

Altars:
Cheibriados
Dithmenos
Elyvilon
Fedhas
Gozag
Hepliaklqana
Kikubaaqudgha
Makhleb
Nemelex Xobeh
Okawaru
Qazlal
Ru
Sif Muna
Trog
Uskayaw
Vehumet
Wu Jian
Xom
Yredelemnul
Zin
The Shining One

Shops:
D:4 ?

Annotations:
D:5 2 transporters, MisterOstroum's ghost, novice DsWn
D:6 2 transporters, Murumi's ghost, novice FoFi


Innate Abilities, Weirdness & Mutations

Your experience applies equally to all skills.
((You have very sharp teeth.))
Your uncanny sense of smell can sniff out nearby items.
You passively map a small area around you.
You are weak. (Str -2)


Message History

* * * LOW HITPOINT WARNING * * *
Damage: -2%(-1hp) hp: 15%(9hp)
Something closely misses you. Something barely misses you.
Your transformation is almost over.
Something completely misses you.
You closely miss something. Something hits you.
* * * LOW HITPOINT WARNING * * *
Huge Dmg: -6%(-4hp) hp: 9%(5hp)
Something closely misses you. Something barely misses you.
It was a potion of agility.
You feel agile all of a sudden. Something closely misses you.
You closely miss something. Something completely misses you.
Something closely misses you. Something closely misses you.
Something misses you. Something hits you!
You die...
Kikubaaqudgha rasps: "You have failed me!
Welcome... death!"

#.# #.# #.. ,* ##.## #.#
##+ #...## #.# * , *
##.#.#.## #.# * , *
#.##.##.# ### *∆∆ , #.
#..#.# #### ,
#.###.#.######... ,
...#######.##....#.......
....?...s..........#####.
...##########....#.#⌠≈≈##
##.#.##.#≈≈≈≈≈ ,
#...###.#≈≈≈## ,
#.⌠.⌠##.##≈##. ,
#.._..#..#≈≈._
##⌠.⌠.#.##≈##. , , *
##.#.#.#≈≈≈## *
#...#.#≈≈≈≈≈


There were no monsters in sight!

Vanquished Creatures
  Pikel (D:5)
  A black bear (D:6)
  2 phantoms
  A sky beast (D:5)
  A centaur (D:5)
  Blork the orc (D:5)
  2 crimson imps
  A hound (D:4)
  2 orc priests (D:5)
  A centaur skeleton (D:4)
  3 orc wizards
  An iguana (D:7)
  3 worker ants
  A hound skeleton (D:4)
  A howler monkey zombie (D:5)
  6 adders
  A shadow imp (D:5)
  An ooze (D:3)
  An adder skeleton (D:4)
  An adder zombie (D:6)
  4 worms
  A dart slug (D:2)
  4 leopard geckos
  15 orcs
  3 bats
  6 giant cockroaches
  3 goblins
  4 hobgoblins
  10 jackals
  4 quokkas
  3 ball pythons
  5 frilled lizards
  A giant cockroach zombie (D:5)
  A goblin skeleton (D:4)
  3 hobgoblin zombies (D:4)
  A jackal zombie (D:6)
  10 kobolds
  A kobold skeleton (D:4)
  4 kobold zombies (D:4)
  2 orc skeletons (D:4)
  9 rats
  A bush (D:1)
127 creatures vanquished.

Notes
Turn   | Place    | Note
-------+----------+-------------------------------------------
     0 | D:1      | Lexodia the Gnoll Transmuter began the quest for the Orb.
     0 | D:1      | Reached XP level 1. HP: 17/17 MP: 6/6
   413 | D:1      | Reached XP level 2. HP: 23/23 MP: 5/7
   576 | D:1      | Huge Dmg: 5 dmg
   906 | D:1      | Reached XP level 3. HP: 21/28 MP: 9/9
   955 | D:2      | Reached skill level 5 in Spellcasting
   999 | D:2      | Reached skill level 1 in Invocations
  1018 | D:2      | Learned a level 2 spell: Sticks to Snakes
  1022 | D:2      | Learned a level 3 spell: Spider Form
  1163 | D:2      | Reached skill level 1 in Short Blades
  1163 | D:2      | Reached skill level 1 in Long Blades
  1163 | D:2      | Reached skill level 1 in Axes
  1163 | D:2      | Reached skill level 1 in Maces & Flails
  1163 | D:2      | Reached skill level 1 in Polearms
  1163 | D:2      | Reached skill level 1 in Staves
  1163 | D:2      | Reached skill level 1 in Slings
  1163 | D:2      | Reached skill level 1 in Bows
  1163 | D:2      | Reached skill level 1 in Crossbows
  1163 | D:2      | Reached skill level 1 in Throwing
  1163 | D:2      | Reached skill level 1 in Armour
  1163 | D:2      | Reached skill level 1 in Stealth
  1163 | D:2      | Reached skill level 1 in Shields
  1163 | D:2      | Reached skill level 1 in Evocations
  1167 | D:2      | Reached XP level 4. HP: 21/34 MP: 9/11
  1672 | D:3      | Huge Dmg: 7 dmg
  1824 | D:3      | Reached skill level 1 in Conjurations
  1824 | D:3      | Reached skill level 1 in Hexes
  1824 | D:3      | Reached skill level 1 in Charms
  1824 | D:3      | Reached skill level 1 in Summonings
  1824 | D:3      | Reached skill level 1 in Necromancy
  1824 | D:3      | Reached skill level 1 in Translocations
  1824 | D:3      | Reached skill level 1 in Fire Magic
  1824 | D:3      | Reached skill level 1 in Ice Magic
  1824 | D:3      | Reached skill level 1 in Air Magic
  1824 | D:3      | Reached skill level 1 in Earth Magic
  1824 | D:3      | Reached skill level 1 in Poison Magic
  1850 | D:3      | Found an opulent altar of Gozag.
  2262 | D:4      | Reached XP level 5. HP: 40/40 MP: 12/12
  2289 | D:4      | Learned a level 5 spell: Blade Hands
  2335 | D:4      | Huge Dmg: 7 dmg
  2449 | D:4      | Found Nolewomi's Magic Scroll Shop.
  2474 | D:4      | Huge Dmg: 6 dmg
  2474 | D:4      | Reached XP level 6. HP: 25/47 MP: 13/13
  2494 | D:4      | Huge Dmg: 6 dmg
  2496 | D:4      | Huge Dmg: 8 dmg
  2797 | D:4      | Found a sacrificial altar of Ru.
  2915 | D:4      | Found a glowing golden altar of the Shining One.
  2937 | D:4      | Huge Dmg: 9 dmg
  2946 | D:4      | Huge Dmg: 6 dmg
  2946 | D:4      | Reached skill level 5 in Dodging
  2955 | D:4      | Huge Dmg: 4 dmg
  3001 | D:4      | Huge Dmg: 4 dmg
  3427 | D:4      | Bought a scroll of blinking for 82 gold pieces
  3427 | D:4      | Bought a scroll of teleportation for 33 gold pieces
  3427 | D:4      | Bought a scroll of fear for 38 gold pieces
  3427 | D:4      | Bought a scroll of fear for 38 gold pieces
  3427 | D:4      | Bought a scroll of fog for 22 gold pieces
  3476 | D:5      | Entered Level 5 of the Dungeon
  3530 | D:5      | Noticed a hornet
  3553 | D:5      | Noticed Blork the orc
  3559 | D:5      | Huge Dmg: 12 dmg
  3561 | D:5      | Killed Blork the orc
  3593 | D:5      | Reached XP level 7. HP: 41/52 MP: 15/15
  3599 | D:5      | Learned a level 4 spell: Petrify
  3763 | D:5      | Reached skill level 7 in Unarmed Combat
  3867 | D:5      | Got a brightly glowing hunting sling
  3957 | D:5      | Identified the +7 hunting sling of Lies {freeze, rN++} (You
                  | found it on level 5 of the Dungeon)
  4017 | D:5      | Found a transporter.
  4019 | D:5      | Found a transporter.
  4055 | D:5      | Huge Dmg: 14 dmg
  4057 | D:5      | Huge Dmg: 12 dmg
  4060 | D:5      | Huge Dmg: 3 dmg
  4380 | D:5      | Noticed MisterOstroum's ghost (novice DsWn)
  4645 | D:6      | Found a transporter.
  4674 | D:6      | Noticed Pikel
  4678 | D:6      | Gained mutation: You are weak. (Str -2) [potion of
                  | mutation]
  4678 | D:6      | Gained mutation: You passively map a small area around you.
                  | [potion of mutation]
  4702 | D:5      | Killed Pikel
  4702 | D:5      | Reached XP level 8. HP: 60/60 MP: 2/17
  4808 | D:6      | Found a staircase to the Ecumenical Temple.
  4819 | Temple   | Entered the Ecumenical Temple
  5135 | Temple   | Became a worshipper of Kikubaaqudgha
  5240 | D:6      | Found a transporter.
  5244 | D:6      | Noticed Murumi's ghost (novice FoFi)
  5373 | D:6      | Found a deep blue altar of Sif Muna.
  5380 | D:6      | Found a bloodstained altar of Trog.
  5381 | D:6      | Found a glowing silver altar of Zin.
  5382 | D:6      | Found a shadowy altar of Dithmenos.
  5383 | D:6      | Found a glowing golden altar of the Shining One.
  5816 | D:7      | Found a sparkling altar of Nemelex Xobeh.
  5837 | D:7      | Found a snail-covered altar of Cheibriados.
  5896 | D:7      | Huge Dmg: 7 dmg
  5903 | D:7      | Huge Dmg: 7 dmg
  5904 | D:7      | Huge Dmg: 6 dmg
  5910 | D:7      | Huge Dmg: 4 dmg
  5916 | D:7      | Slain by an unseen horror

Levels and vault maps discovered:
D:1:      dpeg_arrival_rhombi, layout_basic, serial_park_tiny_pond,
          lexackson_kobold_supper
D:2:      layout_basic
D:3:      layout_basic, nicolae_gozag_cash_rules_everything_around_me,
          first_ration
D:4:      layout_basic, nicolae_ru_the_path_less_chosen, serial_shops,
          nicolae_shop_statue_plus, nicolae_tso_besieged_by_evil
D:5:      layout_loops_corners, gammafunk_ghost_hive, minmay_misc_feat_rows,
          hangedman_abyss_or_decor_stagger, uniq_blork_the_orc
D:6:      layout_rooms, minitemple, minmay_temple_entry_sparse_star,
          gammafunk_ghost_stat_death, lightli_corner_chamber, uniq_pikel
D:7:      layout_loops_corners, nemelex_xobeh_ov_fountains_minmay,
          cheibrodos_ashenzari_chains, cheibrodos_worm_habitat, the_bakery
Temple:   minmay_temple_forest_path

Skill      XL: |  1  2  3  4  5  6  7 |
---------------+----------------------+-----
Spellcasting   | 5 6 |  6.1
Invocations    | 1 2 3 |  3.8
Short Blades   | 1 2 3 |  3.5
Long Blades    | 1 2 3 |  3.5
Axes           | 1 2 3 |  3.5
Maces & Flails | 1 2 3 |  3.5
Polearms       | 1 2 3 |  3.5
Staves         | 1 2 3 |  3.5
Slings         | 1 2 3 |  3.5
Bows           | 1 2 3 |  3.5
Crossbows      | 1 2 3 |  3.5
Throwing       | 1 2 3 |  3.5
Armour         | 1 2 3 |  3.5
Stealth        | 1 2 3 |  3.5
Shields        | 1 2 3 |  3.5
Evocations     | 1 2 3 |  3.5
Conjurations   | 1 2 |  2.8
Hexes          | 1 2 |  2.8
Charms         | 1 2 |  2.8
Summonings     | 1 2 |  2.8
Necromancy     | 1 2 |  2.8
Translocations | 1 2 |  2.8
Fire Magic     | 1 2 |  2.8
Ice Magic      | 1 2 |  2.8
Air Magic      | 1 2 |  2.8
Earth Magic    | 1 2 |  2.8
Poison Magic   | 1 2 |  2.8
Fighting       | 3 4 |  4.4
Transmutations | 4 |  4.8
Dodging        | 5 |  5.8
Unarmed Combat | 7 |  7.5

Action                   |  1- 3 |  4- 6 |  7- 9 || total
-------------------------+-------+-------+-------++-------
Melee: Unarmed           |   116 |    19 |    39 ||   174
       Bite              |    16 |    14 |     3 ||    33
       Kick              |    19 |       |       ||    19
       Punch             |     8 |     5 |       ||    13
       Headbutt          |     1 |       |       ||     1
       Short sword       |    22 |   149 |    18 ||   189
       Hunting sling     |       |       |     1 ||     1
 Fire: Hunting sling     |       |       |    57 ||    57
Throw: Stone             |       |     1 |       ||     1
 Cast: Beastly Appendage |     5 |       |       ||     5
       Spider Form       |       |     3 |     7 ||    10
  Use: Scroll            |       |    11 |     2 ||    13
       Potion            |       |       |     2 ||     2
 Stab: Sleeping          |     4 |     6 |       ||    10
  Eat: Chunk             |     1 |     8 |     5 ||    14
       Ration            |       |       |     1 ||     1
Armor: Robe              |    21 |    23 |     8 ||    52
       Skin              |       |     1 |       ||     1
Dodge: Dodged            |    84 |   121 |    72 ||   277

Table legend:
 A = Non-vault XP
 B = Vault XP
 C = Vault XP percentage of total XP
 D = Non-vault monster count
 E = Vault monster count
 F = Vault count percentage of total count
                 A         B        C        D         E       F
            +---------+---------+-------+---------+---------+-------
      Total |    1300 |     785 |  37.6 |     103 |      23 |  18.3
            +---------+---------+-------+---------+---------+-------
        D:1 |      25 |      11 |  30.6 |      16 |       8 |  33.3
        D:2 |      61 |       0 |   0.0 |      20 |       0 |   0.0
        D:3 |      56 |       0 |   0.0 |      17 |       0 |   0.0
        D:4 |     297 |      61 |  17.0 |      26 |      12 |  31.6
        D:5 |     509 |     708 |  58.2 |      15 |       2 |  11.8
        D:6 |     193 |       0 |   0.0 |       6 |       0 |   0.0
        D:7 |     159 |       5 |   3.0 |       3 |       1 |  25.0
            +---------+---------+-------+---------+---------+-------
